 Dungeon Crawl Stone Soup version 0.30-a0-4-ga7cffc901d (webtiles) character file.

Game seed: 8677732050573492905

266 Sobieck the Cudgeller (level 6, -3/59 HPs)
             Began as an Ogre Gladiator on Aug 21, 2022.
             Slain by a gnoll
             ... wielding a +0 vampiric spear
              (4 damage)
             ... on level 4 of the Dungeon.
             The game lasted 00:06:49 (3733 turns).

Sobieck the Cudgeller (Ogre Gladiator)              Turns: 3733, Time: 00:06:50

Health: -3/59      AC:  5    Str: 21    XL:     6   Next: 20%
Magic:  6/6        EV: 10    Int: 13    God:
Gold:   129        SH:  0    Dex: 15    Spells: 5/5 levels left

rFire   . . .      SeeInvis .    a - +4 mace of Outrage {venom, rElec Str+4 Int+4, mace}
rCold   . . .      Faith    .    (no shield)
rNeg    . . .      Spirit   .    o - +0 robe
rPois   .          Reflect  .    c - +0 hat
rElec   +          Harm     .    j - +1 cloak
rCorr   .          Rampage  .    (gloves unavailable)
Will    .....                    (boots unavailable)
Stlth   +.........               y - amulet of magic regeneration {@e2}
HPRegen 0.19/turn                r - ring of Luasm {Wiz Str-4 Dex+5 Slay+3}
MPRegen 0.50/turn                (no ring)

@: hasted, very quick
A: large, unfitting armour, tough skin 1
a: no special abilities


You were on level 4 of the Dungeon.
You visited 1 branch of the dungeon, and saw 4 of its levels.

You collected 129 gold pieces.


Innate Abilities, Weirdness & Mutations

You are too large for most types of armour.
You have tough skin. (AC +1)


   Skills:
 - Level 2.6 Fighting
 + Level 6.1 Maces & Flails
 - Level 2.0 Throwing
 - Level 2.6 Dodging


You had 5 spell levels left.
You didn't know any spells.
Your spell library was empty.

Inventory:

Hand Weapons
 a - the +4 mace of Outrage (weapon) {venom, rElec Str+4 Int+4, mace}
   (You found it on level 2 of the Dungeon)

   It poisons the flesh of those it strikes.
   Str:       It affects your strength (+4).
   Int:       It affects your intelligence (+4).
   rElec:     It insulates you from electricity.
 b - a +0 sling
   (You found it on level 2 of the Dungeon)
 l - a +2 vampiric dagger {short}
   (You found it on level 1 of the Dungeon)
 s - a +0 flail {mace}
 t - a +0 club {mace}
   (You took it off a goblin on level 2 of the Dungeon)
 u - a +0 morningstar {mace}
   (You took it off an orc on level 3 of the Dungeon)
 A - a +1 vorpal falchion {long}
   (You found it on level 3 of the Dungeon)
Missiles
 d - 5 throwing nets {=f!fthrowing}
 e - a large rock {=fthrowing}
 h - 5 stones (quivered) {throwing}
Armour
 c - a +0 hat (worn)
 j - a +1 cloak (worn)
   (You found it on level 1 of the Dungeon)
 o - a +0 robe (worn)
Jewellery
 r - the ring of Luasm (left hand) {Wiz Str-4 Dex+5 Slay+3}
   (You found it on level 2 of the Dungeon)

   [ring of wizardry]

   It improves your spell success rate.
   Str:       It affects your strength (-4).
   Dex:       It affects your dexterity (+5).
   Slay:      It affects your accuracy & damage with ranged weapons and melee
   (+3).
 y - an amulet of magic regeneration (around neck) {@e2}
   (You found it on level 3 of the Dungeon)
 C - a ring of fire
   (You found it on level 3 of the Dungeon)
Scrolls
 g - a scroll of butterflies
 i - a scroll of summoning
 m - a scroll of amnesia
 w - a scroll of noise {!r}
Potions
 f - 4 potions of curing {@q1}
 k - 2 potions of cancellation {unknown}
 p - a potion of haste {@q3}
 z - a potion of might {unknown}
 B - a potion of attraction {unknown}

Dungeon Overview and Level Annotations

Branches:
Dungeon (4/15) Zot: 20221
 Temple: D:4-7

Altars:

Shops:
D:2 [

Annotations:
D:2 1 runed translucent door, Crazy Yiuf

..>.##...........#
.#........#g.###.#
.#........#....#.#
#.........##.....#
##........##.....#
##...)....####.###
#..<......# #g###
##.)......# #.g.#
#..######## ###@#
#### #.# #######
#.# #.....# #.#
#.....########.#
###.....##.).....#
...........#######
###.....####
#######


You could see 3 gnolls.


Message History

The adder bites you.
You climb upwards.
There is a stone staircase leading down, spattered with blood here.
Unknown command.
You miss the adder. The adder barely misses you. x2
You thump the adder!
The adder looks as sick as possible!
You kill the adder!
You have reached level 6!
You feel stronger.
You start resting.
Unknown command.
You climb downwards.
The gnoll hits you from afar with a +0 spear.
There is a stone staircase leading up, spattered with blood here.
Danger!
Unknown command.
The gnoll closely misses you.
You hit the gnoll.
The gnoll is poisoned.
The gnoll hits you with a +0 spear.
You closely miss the gnoll. The gnoll hits you but does no damage.
You thump the gnoll!
You kill the gnoll!
Your Maces & Flails skill increases to level 6!
No target in view!
Things that are here:
a +0 spear {polearm}; a gnoll corpse You now have 129 gold pieces (gained 16).
A goblin comes into view. It is wielding a +0 club.
The goblin shouts!
Danger!
A kobold comes into view. It is wielding a +0 dagger.
The kobold shouts!
The goblin barely misses you.
You miss the goblin. The goblin hits you but does no damage.
You sock the goblin!
You kill the goblin!
You sock the kobold!
You kill the kobold!
No target in view!
No target in view!
h - 5 stones {throwing} (gained 2)
Things that are here:
a +0 dagger {short}; a +0 club {mace}; a kobold corpse
g - a scroll of butterflies The +4 mace of Outrage {venom, rElec Str+4 Int+4, mace} stops dripping with poison.
b - a +0 sling (weapon)
Things that are here:
a +0 dagger {short}; a +0 club {mace}; a kobold corpse A gnoll comes into view.
It is wielding a +0 halberd.
The gnoll shouts!
Danger!
You shoot a sling bullet.
The sling bullet closely misses the gnoll.
The hound barks!
You shoot a sling bullet. The sling bullet hits the hound.
The gnoll throws a throwing net.
The throwing net barely misses you.
The gnoll throws a throwing net.
The throwing net closely misses you.
You feel stronger.
You feel clever.
The +4 mace of Outrage {venom, rElec Str+4 Int+4, mace} begins to drip with poison!
a - the +4 mace of Outrage (weapon)
{venom, rElec Str+4 Int+4, mace} Unknown command.
You see here 2 throwing nets {=f!fthrowing}.
d - 5 throwing nets {=f!fthrowing} (gained 2)
The hound bites you. The hound attacks as you move away!
The hound closely misses you. The hound barely misses you.
Unknown command.
You closely miss the hound. The hound closely misses you.
The hound bites you but does no damage.
Unknown command.
You completely miss the hound. The hound closely misses you.
The gnoll hits you from afar with a +0 halberd.
You barely miss the hound. The hound barely misses you. x2
The gnoll closely misses you.
You hit the hound.
The hound is poisoned.
The hound bites you.
A gnoll comes into view.
It is wielding a +0 vampiric spear and quivering silver javelins.
The gnoll hits you from afar with a +0 halberd!
Unknown command.
The gnoll shouts!
You hit the hound.
The hound looks as sick as possible!
The hound closely misses you. The hound misses you.
The gnoll hits you from afar with a +0 halberd.
Unknown command.
You closely miss the hound. The hound bites you. The gnoll misses you.
The hound barely misses you.
Unknown command.
You hit the hound.
You kill the hound!
The gnoll hits you from afar with a +0 halberd!
* * * LOW HITPOINT WARNING * * *
Unknown command.
The gnoll hits you with a +0 halberd!
* * * LOW HITPOINT WARNING * * *
You see here a hound corpse.
Unknown command.
You hit the gnoll.
The gnoll is poisoned.
The gnoll hits you with a +0 halberd!
* * * LOW HITPOINT WARNING * * *
You feel yourself speed up.
A gnoll comes into view. It is wielding a +0 flail.
The gnoll hits you from afar with a +0 vampiric spear.
You die...

Skill      XL: |  1  2  3  4  5  6 |
---------------+-------------------+-----
Maces & Flails | 3 4 5 6 |  6.1
Fighting       | |  2.6
Throwing       | |  2.0
Dodging        | |  2.6

Action                   |  1- 3 |  4- 6 || total
-------------------------+-------+-------++-------
Melee: Flail             |    96 |       ||    96
       Mace              |    14 |    78 ||    92
 Fire: Sling             |     7 |    28 ||    35
Throw: Stone             |    24 |       ||    24
       Large rock        |     1 |       ||     1
  Use: Scroll            |       |     8 ||     8
       Potion            |       |     1 ||     1
Armor: Robe              |    29 |    26 ||    55
Dodge: Dodged            |    55 |    57 ||   112

Levels and vault maps discovered:
D:1:      amcnicky_arrival_feature_with_door, layout_loops_ring
D:2:      layout_basic, serial_shops, shop, ebering_ecumenical_altar_rust,
          minmay_goblin_outpost, uniq_crazy_yiuf_cottage
D:3:      layout_rooms
D:4:      layout_loops_cross, temple_doors_e, serial_shops,
          nicolae_shop_overgrown_old_shop, cheibrodos_gnoll_hut, uniq_natasha

Notes
Turn   | Place    | Note
-------+----------+-------------------------------------------
     0 | D:1      | Sobieck the Ogre Gladiator began the quest for the Orb.
     0 | D:1      | Reached XP level 1. HP: 22/22 MP: 1/1
   127 | D:1      | Reached skill level 3 in Maces & Flails
   270 | D:1      | Reached XP level 2. HP: 29/29 MP: 2/2
   944 | D:1      | Reached XP level 3. HP: 36/36 MP: 3/3
  1232 | D:2      | Found a faded altar of an unknown god.
  1337 | D:2      | Reached skill level 4 in Maces & Flails
  1417 | D:2      | Identified the +4 mace of Outrage {venom, rElec Str+4
                  | Int+4}
  1518 | D:2      | Found Plog's Armour Shoppe.
  1708 | D:2      | Identified the ring of Luasm {Wiz Str-4 Dex+5 Slay+3}
  1813 | D:2      | Found a runed translucent door.
  1814 | D:2      | Noticed Crazy Yiuf
  1881 | D:2      | Reached XP level 4. HP: 44/44 MP: 4/4
  2805 | D:3      | Reached skill level 5 in Maces & Flails
  3100 | D:4      | Reached XP level 5. HP: 50/50 MP: 5/5
  3574 | D:3      | Reached XP level 6. HP: 51/59 MP: 6/6
  3622 | D:4      | Reached skill level 6 in Maces & Flails
  3731 | D:4      | HP: 13/59 [gnoll/+0 halberd (13)]
  3732 | D:4      | HP: 1/59 [gnoll/+0 halberd (12)]
  3733 | D:4      | Slain by a gnoll

Vanquished Creatures
  A necrophage (D:3)
  A hound (D:4)
  4 gnolls
  5 adders
  2 worms
  6 orcs (D:3)
  3 bats
  4 endoplasms
  2 giant cockroaches (D:1)
  12 goblins
  9 hobgoblins
  3 jackals (D:3)
  6 quokkas
  8 ball pythons
  4 frilled lizards
  6 kobolds
  5 rats
81 creatures vanquished.

Vanquished Creatures (others)
  4 plants (D:4)
4 creatures vanquished.

Grand Total: 85 creatures vanquished

Table legend:
 A = Non-vault XP
 B = Vault XP
 C = Vault XP percentage of total XP
 D = Non-vault monster count
 E = Vault monster count
 F = Vault count percentage of total count
                 A         B        C        D         E       F
            +---------+---------+-------+---------+---------+-------
      Total |     372 |       9 |   2.4 |      76 |       5 |   6.2
            +---------+---------+-------+---------+---------+-------
        D:1 |      38 |       0 |   0.0 |      24 |       0 |   0.0
        D:2 |      53 |       9 |  14.5 |      17 |       5 |  22.7
        D:3 |     195 |       0 |   0.0 |      25 |       0 |   0.0
        D:4 |      86 |       0 |   0.0 |      10 |       0 |   0.0
            +---------+---------+-------+---------+---------+-------

Illustrated notes

Table legend:
 A = Kills in this place as a percentage of kills in entire the game.
 B = Kills by you in this place as a percentage of kills by you in the entire game.
 C = Kills by friends in this place as a percentage of kills by friends in the entire game.
 D = Other kills in this place as a percentage of other kills in the entire game.
 E = Experience gained in this place as a percentage of experience gained in the entire game.
 F = Experience gained in this place divided by the number of levels of this place that you have seen.
                   A       B       C       D       E      F
               +-------+-------+-------+-------+-------+----------------------
         Total | 100.0 | 100.0 |   N/A |   N/A | 100.0 |  95.2
       Dungeon | 100.0 | 100.0 |   N/A |   N/A | 100.0 |  95.2
               +-------+-------+-------+-------+-------+----------------------

Table legend: (Time is in decaauts)
 A = Elapsed time spent in this place.
 B = Non-inter-level travel time spent in this place.
 C = Inter-level travel time spent in this place.
 D = Time resting spent in this place.
 E = Time spent auto-exploring this place.
 F = Levels seen in this place.
 G = Mean time per level.
                   A        B        C        D        E       F      G
               +--------+--------+--------+--------+--------+-----+--------+
         Total |   3777 |   3629 |    148 |    820 |   2212 |   4 |  944.2 |
       Dungeon |   3777 |   3629 |    148 |    820 |   2212 |   4 |  944.2 |
               +--------+--------+--------+--------+--------+-----+--------+

Top non-repeatable levels by time:
     D:1: 1245 daAuts
     D:2: 1172 daAuts
     D:3: 1130 daAuts
     D:4: 230 daAuts
